Map: Emerald City LE

Players

qqq - Winner!

  • Race: Protoss Protoss
  • League: Platinum
  • Spawn Location: 11:00

Massa - Winner!

  • Race: Terran Terran
  • League: Platinum
  • Spawn Location: 11:00

theglml

  • Race: Protoss Protoss
  • League: Master
  • Spawn Location: 5:00

PEIIIALA

  • Race: Zerg Zerg
  • Spawn Location: 5:00

VOD

Have the link to the VOD?

Description

Time

  • Played on: Jan. 16, 2021, 6:01 a.m.
  • Length: 19:37
Show
View Real Time Build Order
Export as new Build Order

qqq Protoss - Winner!

Build Orders:  

Get SALT Encoding   

  12  0:00  Probe  
  13  0:21  Probe, Pylon  
  14  0:42  Forge  
  14  0:49  Probe  
  15  1:01  Probe  
  16  1:13  Probe  
  17  1:25  Probe  
  18  1:27  Pylon  
  18  1:29  Pylon  
  18  1:43  Pylon  
  18  1:45  Pylon  
  18  1:46  Photon Cannon  
  17  2:03  Photon Cannon  
  17  2:07  Pylon  
  17  2:09  Pylon  
  17  2:18  Photon Cannon  
  17  2:26  Photon Cannon  
  16  2:38  Probe  
  17  2:49  Nexus  
  17  2:50  Probe  
  18  2:55  Pylon  
  18  3:02  Probe  
  19  3:08  Photon Cannon  
  19  3:12  Pylon  
  19  3:25  Probe  
  20  3:32  Gateway  
  20  3:34  Photon Cannon  
  20  3:40  Photon Cannon  
  20  3:49  Pylon  
  20  3:53  Photon Cannon  
  21  4:02  Probe  
  21  4:09  Pylon  
  21  4:14  Probe  
  21  4:16  Probe  
  23  4:18  Assimilator  
  23  4:21  Zealot (Chrono Boost)  
  25  4:27  Probe  
  26  4:34  Probe  
  27  4:39  Probe  
  28  4:46  Probe  
  28  4:51  Probe, Assimilator  
  30  4:54  Cybernetics Core  
  30  4:58  Probe  
  31  5:07  Photon Cannon  
  31  5:13  Probe x2  
  33  5:25  Probe x2  
  35  5:36  Assimilator  
  35  5:37  Probe x2  
  35  5:40  Assimilator  
  35  5:42  Stargate  
  37  5:51  Photon Cannon  
  37  5:53  Pylon  
  37  5:54  Stalker (Chrono Boost)  
  39  6:02  Probe x2  
  41  6:11  Stargate  
  41  6:14  Probe x2  
  42  6:23  Shield Battery  
  41  6:26  Probe x2  
  41  6:34  Phoenix (Chrono Boost)  
  43  6:42  Stalker  
  44  6:54  Phoenix (Chrono Boost)  
  45  7:13  Phoenix  
  45  7:14  Phoenix  
  45  7:15  Probe x2  
  51  7:27  Probe x2  
  53  7:38  Phoenix  
  53  7:39  Probe x2  
  57  7:45  Nexus  
  57  7:48  Pylon  
  57  7:51  Probe, Phoenix  
  58  7:52  Pylon  
  60  8:03  Phoenix  
  60  8:04  Protoss Air Weapons Level 1 (Chrono Boost)  
  62  8:16  Phoenix  
  56  8:28  Phoenix  
  56  8:29  Probe x2  
  60  8:35  Photon Cannon  
  60  8:38  Photon Cannon  
  60  8:41  Phoenix, Shield Battery  
  60  8:44  Pylon  
  62  8:53  Phoenix  
  64  9:20  Phoenix x2, Fleet Beacon  
  64  9:22  Probe (Chrono Boost)  
  70  9:33  Probe (Chrono Boost)  
  70  9:34  Probe (Chrono Boost)  
  70  9:38  Probe (Chrono Boost)  
  72  9:45  Phoenix x2  
  72  9:49  Probe  
  77  9:53  Assimilator  
  77  9:55  Protoss Air Armor Level 1 (Chrono Boost)  
  77  9:57  Assimilator  
  77  10:01  Probe  
  76  10:13  Probe, Phoenix x2  
  77  10:25  Probe  
  78  10:37  Probe (Chrono Boost)  
  78  10:38  Phoenix x2  
  78  10:39  Nexus  
  78  10:41  Anion Pulse-Crystals (Chrono Boost), Pylon  
  83  10:44  Pylon  
  83  10:47  Probe (Chrono Boost)  
  84  10:51  Probe (Chrono Boost)  
  85  11:03  Probe, Phoenix x2  
  90  11:05  Robotics Facility  
  90  11:09  Pylon  
  90  11:11  Photon Cannon  
  90  11:15  Probe, Photon Cannon  
  91  11:28  Phoenix x2  
  95  11:35  Flux Vanes  
  81  11:49  Protoss Air Weapons Level 2  
  81  11:53  Phoenix x2  
  75  12:36  Phoenix x2  
  79  12:38  Probe  
  79  12:42  Assimilator  
  80  12:45  Assimilator  
  80  12:50  Probe  
  81  12:54  Observer  
  81  12:55  Mothership  
  81  12:57  Stargate  
  90  13:00  Pylon, Stargate  
  90  13:01  Phoenix x2 (Chrono Boost)  
  90  13:02  Nexus  
  90  13:03  Probe  
  90  13:04  Pylon  
  90  13:05  Pylon  
  95  13:08  Pylon  
  95  13:15  Probe  
  96  13:22  Phoenix x2 (Chrono Boost)  
  101  13:27  Probe  
  99  13:40  Phoenix  
  99  13:41  Phoenix  
  93  14:05  Phoenix  
  91  14:13  Phoenix x2  
  93  14:32  Phoenix x2  
  93  14:38  Phoenix x2  
  99  14:42  Probe  
  96  14:54  Probe  
  96  14:57  Phoenix x2  
  95  15:03  Phoenix x2  
  95  15:06  Probe  
  99  15:19  Probe  
  96  15:22  Phoenix x2  
  96  15:26  Probe  
  101  15:28  Assimilator  
  101  15:31  Probe (Chrono Boost)  
  101  15:32  Assimilator  
  101  15:33  Photon Cannon  
  102  15:37  Photon Cannon  
  104  15:43  Probe x2 (Chrono Boost)  
  104  15:44  Phoenix x2  
  104  15:47  Phoenix x2  
  112  15:50  Probe (Chrono Boost)  
  112  15:51  Protoss Air Weapons Level 3 (Chrono Boost)  
  112  15:52  Probe (Chrono Boost)  
  114  15:57  Probe  
  114  16:02  Probe  
  116  16:09  Probe, Phoenix x2  
  121  16:12  Phoenix x2  
  121  16:14  Probe  
  122  16:27  Probe  
  123  16:34  Tempest, Phoenix  
  123  16:37  Tempest x2  
  130  16:59  Tempest  
  125  17:17  Tempest  
  125  17:20  Phoenix x2  
  134  17:29  Observer  
  135  17:42  Phoenix  
  127  17:45  Tempest, Phoenix  
  127  17:50  Observer  
  125  18:00  Tempest  
  130  18:07  Tempest  
  130  18:10  Tempest  
  130  18:12  Observer  
  118  18:28  Tempest  
  118  18:29  Probe  
  124  18:41  Probe  
  121  18:42  Tempest  
  125  18:49  Tempest  
  125  18:52  Tempest  
  125  18:53  Probe  
  136  18:58  Stargate  
  136  19:05  Probe  
  136  19:17  Probe  
Show
View Real Time Build Order
Export as new Build Order

Massa Terran - Winner!

Build Orders:  

Get SALT Encoding   

  12  0:00  SCV  
  13  0:12  SCV  
  14  0:24  SCV  
  14  0:25  Supply Depot  
  15  0:31  Refinery  
  15  0:47  SCV  
  15  0:48  Barracks  
  16  0:59  SCV  
  17  1:11  SCV  
  18  1:23  SCV  
  19  1:35  SCV  
  20  1:43  Command Center  
  20  1:47  SCV  
  21  1:58  Supply Depot  
  21  2:05  Barracks Tech Lab  
  21  2:06  Factory  
  21  2:14  Orbital Command  
  21  2:25  Marine  
  22  2:37  Barracks  
  22  2:43  SCV, Marine  
  24  2:49  Refinery  
  24  2:54  Hellion  
  26  3:08  SCV x2  
  26  3:10  Starport  
  28  3:21  Orbital Command  
  28  3:29  Marauder  
  28  3:37  Widow Mine  
  28  3:38  Marine  
  29  3:49  Starport Tech Lab, Barracks  
  29  3:56  Marine  
  29  3:58  Widow Mine  
  29  4:01  Marine  
  28  4:14  Marine  
  25  4:18  Marine  
  25  4:32  Factory Tech Lab  
  25  4:44  SCV x2  
  23  4:48  Barracks Tech Lab  
  23  4:49  Banshee  
  26  4:56  SCV x2  
  28  5:00  Barracks Reactor  
  28  5:07  Siege Tank  
  28  5:08  SCV  
  32  5:17  SCV  
  32  5:20  SCV  
  34  5:25  Stimpack  
  34  5:29  SCV  
  34  5:30  Barracks  
  35  5:37  SCV  
  35  5:38  Supply Depot  
  35  5:41  SCV  
  40  5:49  SCV  
  38  5:52  Marine x4, Engineering Bay  
  38  5:53  SCV  
  43  5:58  Medivac  
  43  6:00  Supply Depot  
  45  6:10  Marine x4  
  46  6:18  Siege Tank  
  46  6:28  Marine x4  
  46  6:29  Supply Depot x2  
  46  6:30  Missile Turret  
  46  6:31  Supply Depot  
  50  6:33  Supply Depot  
  49  6:50  Marine x2  
  51  6:56  Marine x2  
  53  7:08  Marine x2  
  58  7:13  Marine  
  58  7:14  Marine  
  57  7:21  Banshee  
  60  7:40  SCV x2  
  60  7:42  Command Center  
  60  7:43  Combat Shield  
  62  7:51  Sensor Tower x2  
  62  7:52  SCV x2  
  62  7:55  Barracks Tech Lab  
  67  7:59  Cyclone  
  67  8:04  SCV  
  62  8:16  Cloaking Field  
  62  8:21  Medivac  
  64  8:31  Widow Mine, Concussive Shells  
  64  8:33  SCV x2  
  68  8:41  Marine x4  
  71  8:45  SCV x2  
  74  8:53  Widow Mine  
  75  8:57  SCV  
  75  8:58  Marine x2  
  75  8:59  Marine x2  
  66  9:24  Marauder, Marine x3  
  66  9:26  Siege Tank  
  66  9:27  SCV x2  
  76  9:35  Missile Turret  
  76  9:36  Terran Infantry Weapons Level 1, Missile Turret  
  76  9:39  SCV, Armory, Missile Turret  
  76  9:41  Missile Turret  
  76  9:42  Marine  
  76  9:44  Engineering Bay  
  78  9:46  Marauder  
  80  9:54  Medivac  
  80  9:59  Refinery  
  82  10:03  Reaper  
  82  10:04  Missile Turret  
  82  10:05  Refinery  
  82  10:06  SCV x2  
  85  10:17  Widow Mine  
  85  10:18  SCV  
  85  10:19  SCV  
  89  10:24  Orbital Command  
  89  10:29  Missile Turret  
  89  10:30  SCV  
  89  10:31  SCV  
  91  10:36  Command Center  
  91  10:38  Widow Mine  
  93  11:01  Barracks Reactor  
  93  11:13  Supply Depot  
  93  11:14  Supply Depot  
  93  11:15  Marine  
  93  11:16  Supply Depot  
  93  11:17  Supply Depot  
  93  11:35  Widow Mine, SCV x3, Marauder, Marine  
  93  11:36  Marauder, Marine  
  93  11:37  Supply Depot  
  93  11:39  Factory, Supply Depot  
  104  11:40  Refinery, Supply Depot  
  104  11:42  Refinery  
  104  11:44  Missile Turret, Supply Depot  
  104  11:47  SCV x2  
  104  11:53  Marine x2  
  103  11:57  Widow Mine, Marauder x2  
  102  12:03  Supply Depot  
  102  12:05  Supply Depot  
  102  12:07  Supply Depot  
  80  12:09  Supply Depot  
  78  12:18  Marauder  
  78  12:19  Marauder  
  77  12:31  SCV x2  
  77  12:33  Factory Reactor  
  77  12:36  Siege Tank  
  82  12:43  SCV x2  
  84  12:49  Marauder x2, Marine x2  
  90  12:52  Orbital Command  
  90  12:55  SCV x2  
  92  13:00  Terran Infantry Weapons Level 2, Command Center  
  92  13:01  Terran Infantry Armor Level 1  
  92  13:03  Command Center  
  92  13:07  SCV x2, Marine x2  
  92  13:10  Marauder, Marine  
  99  13:19  SCV x2  
  101  13:25  Marine  
  102  13:31  SCV  
  102  13:32  SCV  
  97  13:43  SCV  
  97  13:44  SCV  
  99  13:52  Marine  
  99  13:53  Marine x3  
  99  13:55  Thor  
  107  13:56  Widow Mine x2, SCV  
  104  14:10  Marine  
  104  14:11  Marine  
  101  14:17  Widow Mine  
  97  14:38  Thor  
  95  14:42  Marine  
  95  14:43  Marauder x2, Marine  
  95  14:45  Raven  
  100  14:55  SCV x3  
  103  15:00  Marine x2  
  103  15:03  Marine  
  104  15:07  SCV x3  
  104  15:08  Drilling Claws, Factory  
  104  15:10  Barracks x2  
  104  15:11  Marauder  
  111  15:14  Widow Mine x2  
  111  15:18  Marine x2  
  111  15:19  SCV x3  
  111  15:21  Thor  
  116  15:22  Marauder  
  116  15:31  SCV, Planetary Fortress  
  116  15:32  Marine  
  116  15:34  Missile Turret  
  120  15:35  Planetary Fortress  
  120  15:36  Widow Mine, Marine x2  
  122  15:43  Marine  
  122  15:46  Refinery  
  122  15:48  Refinery  
  122  15:49  SCV x3, Marine  
  126  15:54  Marine x2  
  129  16:00  Marine  
  129  16:01  SCV x3  
  127  16:09  Marine  
  127  16:10  Barracks Tech Lab, Marauder  
  130  16:11  Marine  
  130  16:12  Marine  
  132  16:18  Marine  
  133  16:27  Smart Servos  
  133  16:46  Medivac  
  130  16:57  Marauder x2, Marine x4  
  130  16:59  Factory Tech Lab  
  130  17:00  Thor  
  148  17:01  Widow Mine x2  
  135  17:14  Marine  
  135  17:15  Marine x2  
  138  17:16  Marauder, Medivac  
  138  17:18  Marauder  
  138  17:19  Marauder  
  150  17:22  Widow Mine  
  150  17:23  Widow Mine  
  146  17:32  Marine  
  140  17:43  Thor  
  138  17:46  Medivac  
  114  18:09  Marauder x2  
  114  18:10  Marauder, Marine x3  
  114  18:12  Thor  
  131  18:13  Widow Mine x2  
  133  18:26  Command Center, Thor  
  128  18:27  Marine  
  128  18:28  Marine x2  
  128  18:30  Marine, Medivac  
  128  18:31  Marauder x2  
  130  18:34  Widow Mine x2, Starport  
  130  18:36  Starport  
  130  18:40  Armory  
  119  18:45  Marine  
  119  18:46  Marine x2  
  110  18:48  Marine  
  110  18:51  Marine  
  110  18:52  Marine  
  119  18:59  Widow Mine x2  
  119  19:00  Medivac  
  125  19:03  Marine  
  125  19:04  Marine x2  
  125  19:06  Missile Turret  
  125  19:07  Refinery, Marauder  
  125  19:09  Refinery  
  130  19:10  Marauder x2  
  126  19:20  Command Center  
Show
View Real Time Build Order
Export as new Build Order

theglml Protoss 

Build Orders: Carriers 

Get SALT Encoding   

  12  0:00  Probe  
  13  0:12  Probe  
  14  0:19  Pylon  
  14  0:24  Probe  
  15  0:37  Probe  
  16  0:51  Gateway  
  16  0:52  Probe, Assimilator  
  18  1:04  Probe  
  18  1:16  Probe  
  19  1:22  Gateway  
  19  1:28  Probe  
  20  1:37  Zealot (Chrono Boost)  
  20  1:39  Cybernetics Core  
  22  1:53  Probe  
  23  2:04  Pylon  
  23  2:22  Probe, Stalker x2  
  28  2:39  Warp Gate  
  28  2:50  Assimilator  
  28  2:57  Nexus  
  28  2:59  Probe  
  29  3:11  Probe  
  30  3:22  Stargate  
  30  3:23  Probe  
  31  3:48  Stargate  
  31  3:52  Pylon  
  31  3:59  Probe  
  30  4:11  Probe, Void Ray  
  35  4:19  Probe  
  35  4:21  Assimilator  
  35  4:23  Probe  
  35  4:31  Probe  
  36  4:35  Probe  
  37  4:39  Void Ray  
  37  4:43  Probe  
  40  4:47  Probe  
  41  4:53  Assimilator  
  41  4:55  Probe  
  41  4:59  Probe  
  43  5:07  Probe (Chrono Boost)  
  43  5:10  Void Ray  
  43  5:12  Probe (Chrono Boost)  
  45  5:17  Protoss Air Weapons Level 1 (Chrono Boost)  
  45  5:20  Probe (Chrono Boost)  
  50  5:24  Probe (Chrono Boost), Pylon  
  50  5:27  Pylon  
  52  5:28  Probe (Chrono Boost)  
  52  5:29  Probe (Chrono Boost)  
  52  5:33  Probe  
  53  5:36  Void Ray  
  53  5:42  Probe  
  59  5:45  Probe  
  59  5:48  Void Ray  
  60  5:54  Probe  
  65  5:58  Probe  
  66  6:13  Void Ray  
  70  6:27  Pylon  
  70  6:28  Pylon  
  70  6:32  Pylon  
  70  6:34  Pylon  
  70  6:35  Void Ray  
  70  6:39  Nexus  
  70  6:45  Probe  
  71  6:50  Void Ray (Chrono Boost)  
  75  7:03  Stargate  
  75  7:05  Assimilator  
  75  7:09  Assimilator  
  75  7:11  Void Ray (Chrono Boost)  
  75  7:17  Probe x2  
  81  7:22  Pylon  
  81  7:23  Protoss Air Armor Level 1 (Chrono Boost)  
  81  7:24  Void Ray (Chrono Boost)  
  81  7:26  Pylon  
  81  7:29  Probe x2  
  83  7:41  Probe x2  
  83  7:42  Void Ray (Chrono Boost)  
  85  7:47  Robotics Facility  
  89  7:53  Probe x2  
  89  7:57  Probe  
  92  8:05  Probe  
  92  8:06  Probe  
  92  8:09  Probe  
  87  8:18  Probe x2  
  81  8:21  Probe  
  81  8:26  Phoenix x3  
  80  8:30  Probe  
  81  8:37  Pylon  
  81  8:39  Fleet Beacon  
  81  8:40  Pylon  
  85  8:41  Probe x2  
  85  8:44  Shield Battery  
  85  8:46  Shield Battery  
  87  8:49  Pylon  
  87  8:50  Forge  
  87  8:51  Shield Battery  
  70  9:10  Probe x3  
  70  9:11  Immortal  
  69  9:22  Probe x3  
  72  9:27  Pylon  
  72  9:32  Pylon  
  72  9:34  Probe x3  
  72  9:36  Phoenix x2 (Chrono Boost)  
  72  9:37  Phoenix (Chrono Boost), Pylon  
  75  9:38  Photon Cannon  
  75  9:46  Probe  
  75  9:51  Immortal  
  80  9:56  Phoenix (Chrono Boost)  
  80  9:57  Phoenix x2 (Chrono Boost)  
  80  9:58  Probe  
  86  10:03  Photon Cannon  
  77  10:10  Probe  
  77  10:12  Probe x2  
  78  10:16  Phoenix x3 (Chrono Boost)  
  84  10:27  Probe x2  
  84  10:28  Photon Cannon x2  
  86  10:36  Phoenix x2 (Chrono Boost)  
  86  10:39  Phoenix (Chrono Boost)  
  92  10:50  Fleet Beacon  
  92  10:59  Robotics Bay  
  92  11:02  Pylon  
  92  11:03  Photon Cannon  
  92  11:04  Pylon  
  92  11:07  Phoenix  
  94  11:27  Observer  
  94  11:32  Nexus  
  95  11:34  Assimilator  
  95  11:39  Carrier (Chrono Boost), Assimilator  
  71  12:12  Carrier (Chrono Boost)  
  71  12:14  Carrier (Chrono Boost)  
  71  12:19  Probe  
  71  12:21  Pylon  
  71  12:22  Probe x2  
  80  12:23  Pylon  
  78  12:31  Probe  
  78  12:35  Carrier  
  85  12:38  Extended Thermal Lance  
  85  12:45  Photon Cannon  
  85  12:50  Photon Cannon  
  85  12:54  Probe  
  85  12:56  Photon Cannon  
  86  13:04  Colossus (Chrono Boost)  
  86  13:09  Carrier  
  86  13:11  Carrier  
  103  13:40  Carrier (Chrono Boost)  
  108  13:55  Colossus (Chrono Boost)  
  81  14:10  Probe, Carrier (Chrono Boost)  
  81  14:13  Carrier (Chrono Boost)  
  94  14:26  Probe  
  95  14:38  Probe  
  96  14:41  Carrier (Chrono Boost)  
  96  14:42  Observer (Chrono Boost)  
  103  14:50  Probe  
  104  14:57  Observer (Chrono Boost)  
  105  15:02  Probe, Protoss Air Weapons Level 2 (Chrono Boost)  
  100  15:07  Carrier (Chrono Boost)  
  112  15:14  Probe  
  112  15:15  Observer  
  114  15:21  Carrier (Chrono Boost)  
  114  15:34  Pylon  
  114  15:49  Carrier (Chrono Boost)  
  114  15:54  Nexus  
  120  16:14  Carrier  
  114  16:55  Carrier  
  114  16:59  Carrier  
  107  17:47  Carrier  
Show
View Real Time Build Order
Export as new Build Order

PEIIIALA Zerg 

Build Orders: Pool First 

Get SALT Encoding   

  12  0:01  Drone  
  13  0:10  Drone  
  14  0:31  Spawning Pool  
  14  0:32  Drone  
  14  0:37  Extractor  
  14  0:41  Drone  
  14  0:44  Overlord  
  14  1:04  Drone x2  
  16  1:18  Zergling x4  
  18  1:24  Queen  
  20  1:29  Zergling x2  
  21  2:13  Zergling x2  
  21  2:15  Metabolic Boost  
  22  2:17  Overlord x2  
  22  2:39  Zergling x4  
  22  2:42  Queen  
  26  2:48  Zergling x2  
  27  3:04  Hatchery  
  26  3:12  Zergling x4  
  28  3:18  Queen  
  30  3:27  Zergling x2  
  31  3:31  Overlord  
  31  3:49  Zergling x8  
  35  4:10  Extractor, Pneumatized Carapace  
  35  4:11  Drone x2  
  36  4:25  Drone  
  36  4:30  Drone x4  
  41  4:33  Drone  
  31  4:51  Drone  
  31  4:52  Drone  
  33  4:57  Extractor  
  33  4:59  Queen  
  32  5:00  Drone  
  32  5:02  Extractor  
  35  5:07  Drone x3  
  37  5:16  Lair  
  37  5:20  Drone  
  38  5:24  Drone  
  38  5:27  Drone  
  40  5:33  Drone x2  
  40  5:35  Drone  
  43  5:52  Drone x4  
  47  6:10  Drone x4  
  51  6:16  Spire  
  51  6:18  Spire  
  49  6:34  Drone  
  49  6:35  Drone x2  
  49  6:36  Hatchery, Overlord  
  49  6:37  Overlord  
  51  7:01  Drone x3  
  54  7:29  Extractor  
  53  7:31  Drone x4  
  57  7:37  Extractor  
  57  7:39  Queen  
  57  7:44  Queen  
  58  7:47  Mutalisk x3  
  58  7:48  Mutalisk  
  58  7:49  Mutalisk  
  58  7:50  Overlord x2  
  70  7:52  Mutalisk x2  
  70  7:56  Overlord x2  
  74  8:11  Zerg Flyer Weapons Level 1  
  74  8:12  Zerg Flyer Armor Level 1  
  74  8:16  Mutalisk x2  
  74  8:18  Mutalisk x2  
  74  8:19  Mutalisk  
  82  8:20  Mutalisk  
  86  8:38  Drone x3  
  89  8:41  Drone  
  89  8:42  Drone x6  
  89  8:43  Drone x2  
  97  8:56  Hatchery  
  97  8:58  Overseer  
  96  9:14  Mutalisk x3  
  96  9:15  Mutalisk x2  
  106  9:17  Mutalisk  
  106  9:25  Overlord x4  
  106  9:46  Infestation Pit  
  105  9:58  Mutalisk x2  
  105  9:59  Mutalisk x3  
  115  10:08  Extractor, Mutalisk x3  
  115  10:11  Extractor  
  119  10:24  Hive  
  119  10:25  Zerg Flyer Weapons Level 2  
  119  10:40  Mutalisk  
  119  10:41  Mutalisk x2  
  125  10:57  Mutalisk x3  
  125  11:02  Mutalisk  
  133  11:19  Mutalisk x2  
  81  12:36  Mutalisk x3  
  81  12:37  Mutalisk x2  
  81  12:44  Mutalisk x3  
  81  12:45  Mutalisk x6  
  81  12:46  Mutalisk x6  
  81  12:47  Mutalisk  
  113  13:01  Mutalisk x3  
  119  13:15  Mutalisk x3  
  94  13:48  Mutalisk  
  94  13:49  Mutalisk x4  
  94  13:51  Zergling x6  
  94  13:52  Zergling x12  
  94  13:53  Zergling x2  
  114  13:56  Zergling x8  
  114  13:57  Zergling x4  
  114  14:01  Zergling x8  
  114  14:02  Zergling x8  
  76  14:50  Zerg Flyer Armor Level 2, Zerg Flyer Weapons Level 3  
  76  14:52  Mutalisk x3  
  80  15:04  Mutalisk x3  
  84  15:15  Overseer x2  
  78  15:31  Mutalisk x3  
  78  15:34  Mutalisk x2  
  88  15:48  Mutalisk x4  
  88  15:49  Mutalisk  
  98  15:54  Mutalisk x5  
  98  15:56  Zergling x2  
  98  15:57  Zergling x12  
  111  15:58  Zergling x2  
  111  16:01  Zergling x4  
  111  16:03  Zergling x6  
  119  16:29  Zergling x4  
  119  16:31  Overlord  
  119  16:32  Zergling x4  
  123  16:35  Zergling x6  
  123  16:36  Zergling x6  
  123  16:39  Zergling x4  
  91  17:14  Hatchery  
  84  17:24  Hatchery  
  59  17:40  Zergling x6  
  59  17:43  Zergling x2  
  59  17:44  Zergling x4  
  64  18:00  Zergling x6  
  66  18:12  Hatchery  
  65  18:15  Zergling x4  
  64  18:52  Zergling x2  
  64  18:53  Zergling x14  
  64  18:54  Zergling x4  
  74  19:06  Drone x3  
Tags
 
Add a new tag
Caveats
  • Supply blocks, unpowered buildings, or Contaminate may cause inaccurate times.
  • Supply counts are checked every 10 seconds.